 Dungeon Crawl Stone Soup version 0.25-a0-578-gc91f01c39c (webtiles) character file.

Game seed: 3058258310131662677, levelgen mode: deterministic

79 MisterFreud the Skirmisher (level 4, -2/35 HPs)
             Began as an Octopode Fighter on Mar 5, 2020.
             Slain by a gnoll
             ... wielding a +0 spear
              (8 damage)
             ... on level 3 of the Dungeon.
             The game lasted 00:02:16 (1586 turns).

MisterFreud the Skirmisher (Octopode Fighter)       Turns: 1586, Time: 00:02:17

Health: -2/35      AC:  1    Str: 15    XL:     4   Next: 37%
Magic:  4/4        EV: 11    Int: 11    God:
Gold:   124        SH:  8    Dex: 11    Spells: 3/3 levels left

rFire    . . .     SeeInvis +   a - +0 long sword
rCold    . . .     Gourm    .   b - +0 kite shield
rNeg     . . .     Faith    .   (helmet restricted)
rPois    .         Spirit   .   (no amulet)
rElec    .         Reflect  .   o - ring of see invisible
rCorr    .         Harm     .   (no ring)
MR       .....                  (no ring)
Stlth    ++........             (no ring)
HPRegen  0.11/turn              (no ring)
MPRegen  0.09/turn              (no ring)
                                (no ring)
                                (no ring)

@: lethally poisoned (-2 -> -3), hasted, very quick
A: almost no armour, stealthy swim, amphibious, 8 rings, constrict 8, camouflage
1, gelatinous body 1
a: no special abilities


You were on level 3 of the Dungeon.
You were not hungry.

You visited 1 branch of the dungeon, and saw 3 of its levels.

You collected 124 gold pieces.

Inventory:

Hand Weapons
 a - a +0 long sword (weapon)
Missiles
 e - 85 stones (quivered)
 l - 11 poisoned darts
 n - 28 arrows
 r - 12 bolts
Armour
 b - a +0 kite shield (worn)
Jewellery
 o - a ring of see invisible (left tentacle)
 q - an uncursed ring of ice
Scrolls
 g - 2 scrolls of magic mapping {unknown}
 h - 2 scrolls of identify {unknown}
 i - a scroll of fog {unknown}
 k - 4 scrolls of teleportation {unknown}
 u - a scroll of remove curse {unknown}
Potions
 c - a potion of might
 j - a potion of haste
 m - a potion of flight {unknown}
 p - a potion of stabbing {unknown}
 s - a potion of degeneration {unknown}
 t - a potion of invisibility {unknown}
Comestibles
 d - 4 rations
 f - 6 chunks of flesh


   Skills:
 * Level 5.0 Fighting
 - Level 2.0 Long Blades
 - Level 3.0 Dodging
 - Level 3.0 Shields


You had 3 spell levels left.
You didn't know any spells.
Your spell library contained the following spells:

 Spells                   Type           Power        Failure   Level  Hunger
 Magic Dart               Conj           #...         86%         1    ##.....
 Blink                    Tloc           N/A          94%         2    ###....
 Call Imp                 Summ           #.......     94%         2    ###....
 Slow                     Hex            #.......     94%         2    ###....
 Conjure Flame            Conj/Fire      #.......     99%         3    ####...
 Mephitic Cloud           Conj/Pois/Air  #.......     99%         3    ####...


Dungeon Overview and Level Annotations

Branches:
Dungeon (3/15)

Altars:
Elyvilon
Nemelex Xobeh


Innate Abilities, Weirdness & Mutations

You cannot wear most types of armour.
You are very stealthy in the water. (Stealth+)
You are amphibious.
You can wear up to eight rings at the same time.
You can use your tentacles to constrict eight enemies at once.
Your skin changes colour to match your surroundings (Stealth+).
Your rubbery body absorbs attacks. (AC +1, EV +1)


Message History

You kill the gnoll!
Your Fighting skill increases to level 5!
The gnoll barely misses you. You block the gnoll's attack. x2
You hit the gnoll. Your grab misses the gnoll.
The gnoll is lightly wounded.
You feel sick. You block the gnoll's attack. The gnoll barely misses you.
You barely miss the gnoll. You grab the gnoll.
The gnoll is lightly wounded.
You constrict the gnoll. The gnoll hits you with a +0 spear.
The gnoll hits you from afar with a +0 spear.
The gnoll hits you with a +0 spear!
* * * LOW HITPOINT WARNING * * *
The gnoll barely misses you.
It was a potion of haste.
You feel yourself speed up.
You constrict the gnoll.
A hobgoblin comes into view. It is wielding a +0 club.
The gnoll hits you with a +0 spear.
* * * LOW HITPOINT WARNING * * *
The gnoll hits you from afar with a +0 spear!
You die...

#. #### #.### ####..
...####...#####.....
##..............#
####........# #
####..##.###......
#.# #....###..#
#####.).# ###.####
##.######......
##...#
#..(†@ggg.....
...###
########Z....[ ####
.)g.. # .≈.≈ .≈≈ g≈
≈


You could see 2 gnolls, 2 hobgoblins and a hound skeleton.

Vanquished Creatures
  2 gnolls
  2 adders
  2 leopard geckos
  A ball python (D:2)
  A giant cockroach (D:1)
  7 goblins
  3 hobgoblins
  3 jackals (D:2)
  5 bats
  2 frilled lizards (D:1)
  8 kobolds
  4 rats
40 creatures vanquished.

Notes
Turn   | Place    | Note
-------+----------+-------------------------------------------
     0 | D:1      | MisterFreud the Octopode Fighter began the quest for the
                  | Orb.
     0 | D:1      | Reached XP level 1. HP: 16/16 MP: 1/1
    91 | D:1      | Reached XP level 2. HP: 20/21 MP: 2/2
   795 | D:1      | Reached skill level 4 in Fighting
   918 | D:2      | Reached XP level 3. HP: 18/27 MP: 3/3
   971 | D:2      | Found a sparkling altar of Nemelex Xobeh.
  1495 | D:3      | Found a white marble altar of Elyvilon.
  1497 | D:3      | Reached XP level 4. HP: 34/34 MP: 4/4
  1582 | D:3      | Reached skill level 5 in Fighting
  1586 | D:3      | Slain by a gnoll

Levels and vault maps discovered:
D:1:      tarquinn_simple_flora_water_e, layout_basic, minivault_25
D:2:      layout_rooms, overflow_temple_1_default, minmay_misc_feat_encased,
          lemuel_flame_loot_1
D:3:      layout_rooms, old_standard_altar, elyvilon_altar_5, first_ration,
          chequers_ecumenical_altar_island

Skill      XL: |  1  2  3  4 |
---------------+-------------+-----
Fighting       | 4 5 |  5.0
Long Blades    | |  2.0
Dodging        | |  3.0
Shields        | |  3.0

Action                   |  1- 3 |  4- 6 || total
-------------------------+-------+-------++-------
Melee: Long sword        |    57 |    11 ||    68
       Constrict         |    20 |     5 ||    25
       Tentacles         |    10 |     2 ||    12
  Use: Potion            |       |     1 ||     1
 Stab: Sleeping          |     5 |       ||     5
  Eat: Chunk             |     2 |       ||     2
Armor: Skin              |     7 |     1 ||     8
Dodge: Dodged            |    28 |     7 ||    35
Block: Kite shield       |    28 |    11 ||    39
       Rpst.: Long sword |    11 |     2 ||    13

Table legend:
 A = Non-vault XP
 B = Vault XP
 C = Vault XP percentage of total XP
 D = Non-vault monster count
 E = Vault monster count
 F = Vault count percentage of total count
                 A         B        C        D         E       F
            +---------+---------+-------+---------+---------+-------
      Total |     113 |       0 |   0.0 |      40 |       0 |   0.0
            +---------+---------+-------+---------+---------+-------
        D:1 |      30 |       0 |   0.0 |      19 |       0 |   0.0
        D:2 |      50 |       0 |   0.0 |      16 |       0 |   0.0
        D:3 |      33 |       0 |   0.0 |       5 |       0 |   0.0
            +---------+---------+-------+---------+---------+-------
